Map: [ESL] Ancient Cistern

Players

Lambo

  • Race: Zerg Zerg
  • Spawn Location: 7:00

RagnaroK (SHIN) - Winner!

  • Race: Zerg Zerg
  • Spawn Location: 1:00

Event: ESL SC2 Masters 2023 Summer (Finals)

VOD

Have the link to the VOD?

Description

Time

  • Played on: June 17, 2023, 5:07 a.m.
  • Length: 4:39

All games in this series

Show
View Real Time Build Order
Export as new Build Order

Lambo Zerg 

Build Orders: Hatch First 

Get SALT Encoding   

  12  0:00  Drone  
  13  0:12  Overlord  
  13  0:16  Drone  
  14  0:30  Drone x2  
  16  0:47  Hatchery  
  15  0:50  Drone  
  15  0:53  Drone  
  15  0:57  Drone  
  18  1:07  Extractor  
  17  1:12  Spawning Pool  
  17  1:15  Drone  
  17  1:18  Drone  
  18  1:27  Drone  
  19  1:38  Drone  
  20  1:48  Drone  
  21  1:58  Queen x2  
  21  1:59  Zergling x2, Overlord  
  26  2:10  Drone x2  
  27  2:27  Zergling x4  
  28  2:32  Overlord  
  28  2:35  Drone  
  29  2:44  Overlord  
  27  2:55  Queen  
  27  2:56  Drone x3  
  32  2:59  Extractor  
  32  3:03  Drone  
  32  3:04  Drone  
  33  3:15  Drone x2  
  35  3:27  Evolution Chamber  
  35  3:29  Zergling x2, Evolution Chamber  
  35  3:30  Evolution Chamber  
  35  3:33  Zergling x2  
  35  3:34  Zergling x2  
  35  3:38  Evolution Chamber  
  34  3:41  Evolution Chamber  
  34  3:45  Zergling x4  
  34  3:47  Evolution Chamber  
  32  3:52  Evolution Chamber  
  32  3:53  Zergling x2  
  32  3:58  Zergling x4  
  32  4:03  Zergling x2, Spore Crawler  
  32  4:09  Spore Crawler  
  31  4:14  Baneling Nest  
  30  4:21  Zergling x2  
  30  4:22  Zergling x2  
Show
View Real Time Build Order
Export as new Build Order

RagnaroK Zerg - Winner!

Build Orders: Pool First 

Get SALT Encoding   

  12  0:00  Drone  
  13  0:07  Drone  
  14  0:16  Overlord  
  14  0:31  Spawning Pool  
  14  0:35  Drone  
  14  0:40  Drone  
  15  0:43  Drone  
  15  0:47  Drone  
  17  1:01  Extractor  
  16  1:11  Hatchery  
  15  1:19  Zergling x4  
  15  1:20  Zergling x2  
  18  1:31  Queen  
  20  1:36  Drone  
  21  1:45  Overlord  
  21  1:53  Drone  
  22  2:01  Metabolic Boost  
  22  2:05  Zergling x2  
  23  2:14  Queen  
  25  2:17  Zergling x2  
  26  2:23  Zergling x4  
  28  2:33  Zergling x2  
  29  2:38  Overlord  
  29  2:42  Zergling x6  
  32  2:46  Zergling x2  
  32  2:50  Zergling x2  
  32  2:55  Zergling x2  
  32  3:01  Zergling x2  
  33  3:07  Zergling x2  
  33  3:11  Zergling x2  
  35  3:16  Overlord  
  35  3:23  Zergling x4  
  35  3:24  Zergling x8  
  35  3:25  Zergling x2  
  42  3:31  Zergling x2  
  43  3:36  Zergling x2  
  43  3:39  Zergling x2  
  44  3:45  Zergling x2  
  43  3:51  Zergling x2  
  43  3:55  Zergling x2  
  43  3:56  Zergling x8  
  43  3:58  Zergling x2  
  43  4:00  Zergling x2  
  47  4:04  Zergling x2  
  47  4:08  Zergling x2  
  48  4:13  Zergling x2  
  48  4:18  Drone  
Tags
 
Add a new tag
Caveats
  • Supply blocks, unpowered buildings, or Contaminate may cause inaccurate times.
  • Supply counts are checked every 10 seconds.